 Dungeon Crawl Stone Soup version 0.22-a0-480-g991dd4b (webtiles) character file.

296 Adnine the Cudgeler (level 6, -6/55 HPs)
             Began as a Deep Dwarf Fighter on June 15, 2018.
             Killed from afar by felt's ghost (9 damage)
             ... with a flame tongue
             ... on level 3 of the Dungeon.
             The game lasted 00:16:32 (1871 turns).

Adnine the Cudgeler (Deep Dwarf Fighter)            Turns: 1871, Time: 00:16:32

Health: -6/55      AC: 10    Str: 22    XL:     6   Next: 12%
Magic:  5/5        EV:  5    Int:  8    God:
Gold:   127        SH:  9    Dex: 12    Spells: 5/5 levels left

rFire    . . .     SeeInvis .   a - +0 flail
rCold    . . .     Gourm    .   c - +0 shield
rNeg     . . .     Faith    .   u - +0 chain mail
rPois    .         Spirit   .   (no helmet)
rElec    .         Reflect  .   (no cloak)
rCorr    .         Harm     .   (no gloves)
MR       .....                  n - +0 pair of boots
Stlth    ..........             (no amulet)
HPRegen  0.00/turn              (no ring)
MPRegen  0.09/turn              (no ring)

@: non-regenerating
A: damage resistance, heal wounds, sense surroundings 1, no regeneration
a: Heal Wounds


You were on level 3 of the Dungeon.
You were not hungry.

You visited 1 branch of the dungeon, and saw 3 of its levels.

You collected 127 gold pieces.

Inventory:

Hand Weapons
 a - a +0 flail (weapon)
 s - a +0 hand axe
Missiles
 t - 8 tomahawks (quivered)
Armour
 b - a +0 scale mail
 c - a +0 shield (worn)
 n - a +0 pair of boots (worn)
 u - a +0 chain mail (worn)
Jewellery
 l - a +3 ring of evasion {unknown}
 r - an uncursed amulet of guardian spirit {unknown}
Scrolls
 g - 2 scrolls of teleportation {unknown}
 h - 5 scrolls of identify
 m - a scroll of enchant armour {unknown}
 p - a scroll of amnesia {unknown}
 v - a scroll of remove curse {unknown}
Potions
 d - 2 potions of might
 e - 2 potions of heal wounds
 i - 2 potions of curing {unknown}
 j - a potion of flight {unknown}
 k - a potion of haste {unknown}
 o - a potion of lignification {unknown}
Comestibles
 f - 8 rations
 q - 17 chunks of flesh


   Skills:
 - Level 2.9 Fighting
 + Level 6.1 Maces & Flails
 - Level 3.5 Armour
 - Level 3.5 Shields


You had 5 spell levels left.
You didn't know any spells.
Your spell library was empty.

Dungeon Overview and Level Annotations

Branches:
Dungeon (3/15)

Altars:
Uskayaw

Annotations:
D:3 felt's ghost, amateur DrFE


Innate Abilities, Weirdness & Mutations

You are resistant to damage.
You can heal yourself by infusing magical energy.
You passively map a small area around you.
You do not regenerate.


Message History

Felt's ghost hits you.
* * * LOW HITPOINT WARNING * * *
You fail to use your ability.
You are covered in liquid flames!
You block felt's ghost's attack.
You fail to use your ability.
Felt's ghost points at you and mumbles some strange words.
The puff of flame hits you!
* * * LOW HITPOINT WARNING * * *
You hit felt's ghost but do no damage.
Felt's ghost is moderately damaged.
You block felt's ghost's attack.
You closely miss felt's ghost.
Felt's ghost is moderately damaged.
Felt's ghost gestures at you while chanting.
The flame tongue hits you!
* * * LOW HITPOINT WARNING * * *
Felt's ghost points at you and mumbles some strange words.
The flame tongue hits you!
You die...

#.....# #.# #..
#>###.# #.# ..)
#.# #.# #.# ....
#.# #.# * ....###
#.# #.# #..8..._.
#.# #.####.....!))
#.# #.##....8.....
#.# #.##....W.....
#@# #.#*....8.....
#.# #.####........
#W###...##....#*
#...).........# *
#######.####..###.
###.####......
#.....##.####.
#.#.#.........
#.#....######.


You could see felt's ghost.

Vanquished Creatures
  A bullfrog (D:3)
  A scorpion (D:2)
  An orc wizard (D:3)
  6 adders
  An ooze (D:2)
  5 worms (D:2)
  2 leopard geckos
  10 orcs (D:3)
  4 giant cockroaches
  8 goblins
  5 hobgoblins
  4 jackals (D:1)
  17 bats
  2 frilled lizards (D:1)
  2 kobolds
  9 rats
78 creatures vanquished.

Notes
Turn   | Place    | Note
-------+----------+-------------------------------------------
     0 | D:1      | Adnine the Deep Dwarf Fighter began the quest for the Orb.
     0 | D:1      | Reached XP level 1. HP: 20/20 MP: 1/1
    48 | D:1      | Reached XP level 2. HP: 20/27 MP: 2/2
   740 | D:1      | Reached XP level 3. HP: 18/33 MP: 3/3
   903 | D:2      | Reached skill level 3 in Maces & Flails
  1026 | D:2      | Noticed a scorpion
  1040 | D:2      | Killed a scorpion
  1040 | D:2      | Reached skill level 4 in Maces & Flails
  1040 | D:2      | Reached XP level 4. HP: 25/40 MP: 4/4
  1217 | D:2      | Reached XP level 5. HP: 28/48 MP: 5/5
  1340 | D:2      | Reached skill level 5 in Maces & Flails
  1749 | D:3      | Reached skill level 6 in Maces & Flails
  1749 | D:3      | Reached XP level 6. HP: 37/55 MP: 5/5
  1841 | D:3      | Found a hide-covered altar of Uskayaw.
  1841 | D:3      | Noticed felt's ghost (amateur DrFE)
  1871 | D:3      | Killed from afar by felt's ghost

Vault maps used:
D:1:      roderic_dead_forest, minivault_19
D:2:      first_ration
D:3:      old_standard_altar, eat_drink_and_be_merry_uskayaw

Skill      XL: |  1  2  3  4  5 |
---------------+----------------+-----
Maces & Flails | 4 6 |  6.1
Fighting       | |  2.9
Armour         | |  3.5
Shields        | |  3.5

Action                   |  1- 3 |  4- 6 || total
-------------------------+-------+-------++-------
Melee: Flail             |   121 |   167 ||   288
 Abil: Heal Wounds       |     1 |     1 ||     2
  Use: Scroll            |     1 |       ||     1
  Eat: Chunk             |     1 |     3 ||     4
Armor: Scale mail        |    84 |    44 ||   128
       Chain mail        |       |    27 ||    27
Dodge: Dodged            |    56 |    31 ||    87
Block: Shield            |    80 |    74 ||   154

Table legend:
 A = Spawn XP
 B = Non-spawn XP
 C = Spawn XP percentage of total XP
 D = Spawn monster count
 E = Non-spawn monster count
 F = Spawn count percentage of total count
 G = Total turns spent on level
                    A         B        C        D         E        F      G
               +---------+---------+-------+---------+---------+-------+---------
         Total |       0 |     424 |   0.0 |       0 |      78 |   0.0 |  1871
               +---------+---------+-------+---------+---------+-------+---------
           D:1 |       0 |      42 |   0.0 |       0 |      29 |   0.0 |   894
           D:2 |       0 |     193 |   0.0 |       0 |      25 |   0.0 |   624
           D:3 |       0 |     189 |   0.0 |       0 |      24 |   0.0 |   353
               +---------+---------+-------+---------+---------+-------+---------
